 Dungeon Crawl Stone Soup version 0.27-a0-909-g0721f309d1 (webtiles) character file.

Game seed: 8248923508206833007

16 siradein the Magician (level 2, 0/21 HPs)
             Began as a Djinni Necromancer on Apr 8, 2021.
             Slain by a jackal (2 damage)
             ... on level 1 of the Dungeon.
             The game lasted 00:01:49 (1101 turns).

siradein the Magician (Djinni Necromancer)          Turns: 1101, Time: 00:01:49

Health: 0/21       AC:  2    Str:  7    XL:     2   Next: 58%
Gold:   13         EV: 12    Int: 16    God:
                   SH:  0    Dex: 13

rFire    + + .     SeeInvis .   (no weapon)
rCold    x . .     Faith    .   (no shield)
rNeg     . . .     Spirit   .   a - +0 robe
rPois    ∞         Reflect  .   (no helmet)
rElec    .         Harm     .   (no cloak)
rCorr    .         Rampage  .   (no gloves)
Will     .....                  (boots unavailable)
Stlth    ++........             (no amulet)
HPRegen  0.07/turn              (no ring)
MPRegen  0.00/turn              (no ring)

@: flying
A: fire resistance 2, cold vulnerability 1, float, innate caster, hp casting,
extra vitality 1
a: no special abilities


You were on level 1 of the Dungeon.
You visited 1 branch of the dungeon, and saw 1 of its levels.

You collected 13 gold pieces.

Inventory:

Armour
 a - a +0 robe (worn)
Scrolls
 b - 2 scrolls of amnesia {unknown}
 d - a scroll of teleportation {unknown}
Potions
 c - a potion of attraction {unknown}


   Skills:
 - Level 2.1 Dodging
 - Level 1.5 Stealth
 + Level 4.1 Spellcasting


You couldn't memorise any spells.
You knew the following spells:

 Your Spells              Type           Power      Damage    Failure   Level
a - Pain                  Necr           64%        1d7       3%          1
b - Animate Skeleton      Necr           32%        N/A       3%          1
c - Vampiric Draining     Necr           8%         2d7       9%          3
d - Animate Dead          Necr           8%         N/A       30%         4
e - Agony                 Necr           16%        N/A       63%         5
Your spell library was empty.

Dungeon Overview and Level Annotations

Branches:
Dungeon (1/15)

Altars:


Innate Abilities, Weirdness & Mutations

You are immune to poison.
Your flesh is very heat resistant. (rF++)
You are vulnerable to cold. (rC-)
You float through the air rather than walking.
You learn spells naturally, not from books.
Your magical power is your life essence.
You have superior vitality. (+4 HP)


Message History

The hobgoblin writhes in agony.
* * * LOW HITPOINT WARNING * * *
A nearby plant withers and dies.
The goblin hits you but does no damage.
The jackal stops to sniff the water.
The hobgoblin hits you.
* * * LOW HITPOINT WARNING * * *
You don't have enough health to cast this spell.
You don't have enough health to cast this spell.
Unknown command.
You hit the plant.
The plant begins to die.
The plant is lightly damaged.
The goblin closely misses you. The hobgoblin completely misses you.
The jackal splashes around in the water.
The jackal closely misses you.
The hobgoblin splashes around in the water.
The jackal splashes around in the water.
The dart slug completely misses the plant.
The goblin hits the plant with a +0 club.
A nearby plant withers and dies.
The dart slug bites the plant.
The plant begins to die.
The dart slug completely misses the plant.
The jackal bites the plant.
The plant begins to die.
Something bites the plant.
The plant begins to die.
You see here 11 poisoned darts.
Aiming: Pain (safe; 3% risk of failure)
Press: ? - help, Q - select action, (/) - cycle Shift-Dir - straight line, f/p - hobgoblin
Aim: a hobgoblin (severely wounded, chance to affect: 87%)
The jackal writhes in agony.
* * * LOW HITPOINT WARNING * * *
A nearby plant withers and dies.
The jackal barely misses you. The jackal misses you. x2
The jackal closely misses you.
Found an escape hatch in the floor.
The jackal barely misses you.
Found a stone staircase leading down.
The jackal completely misses you. The jackal barely misses you.
The jackal misses you. The jackal closely misses you. The jackal bites you.
You die...

≈≈P≈♣.h...##........##...##.###.#
.≈≈.♣...#.####....###...(##.# #.#
...g....#.# ######...#..##.###..
........#.# ##.##..##.#....
.≈.≈≈≈♣##.##########.##..##.#.###
≈≈≈≈♣♣≈##..>..........#..##.#.#
≈≈≈♣♣......g########..#..##.#.#
≈≈♣♣>....g....######..#..##.#.#
♣♣♣.#######..hhh@.)...#..#....###
###.#######.#.......... #.#
#.##.......## #.# #..........#
#.# ####.......## #.# #.#.......
#.. ...#....### ### ######.#.#
#.#.#


You could see 3 jackals, a hobgoblin and a goblin.

Vanquished Creatures
  A dart slug (D:1)
  2 bats (D:1)
  2 endoplasms (D:1)
  A giant cockroach (D:1)
  A hobgoblin (D:1)
  A jackal (D:1)
  A kobold (D:1)
  A quokka (D:1)
  A ball python (D:1)
  2 rats (D:1)
13 creatures vanquished.

Vanquished Creatures (others)
  5 plants (D:1)
5 creatures vanquished.

Grand Total: 18 creatures vanquished

Notes
Turn   | Place    | Note
-------+----------+-------------------------------------------
     0 | D:1      | siradein the Djinni Necromancer began the quest for the
                  | Orb.
     0 | D:1      | Reached XP level 1. HP: 15/15 MP: 0/0
   572 | D:1      | Reached skill level 4 in Spellcasting
   572 | D:1      | Reached XP level 2. HP: 13/21 MP: 0/0
  1076 | D:1      | HP: 1/21 [hobgoblin (3)]
  1101 | D:1      | Slain by a jackal

Illustrated notes

Levels and vault maps discovered:
D:1:      minmay_arrival_loop, layout_loops_ring, minmay_misc_feat_hallway,
          serial_bayou_ford_a

Skill      XL: |  1 |
---------------+----+-----
Spellcasting   | 4 |  4.1
Dodging        | |  2.1
Stealth        | |  1.5

Action                   || total
-------------------------++-------
Melee: Unarmed           ||     1
 Cast: Pain              ||    31
Armor: Robe              ||     4
Dodge: Dodged            ||    15

Table legend: (Time is in decaauts)
 A = Elapsed time spent in this place.
 B = Non-inter-level travel time spent in this place.
 C = Inter-level travel time spent in this place.
 D = Time resting spent in this place.
 E = Time spent auto-exploring this place.
 F = Levels seen in this place.
 G = Mean time per level.
                   A        B        C        D        E       F      G
               +--------+--------+--------+--------+--------+-----+--------+
         Total |   1101 |   1101 |      0 |      0 |   1008 |   1 | 1101.0 |
       Dungeon |   1101 |   1101 |      0 |      0 |   1008 |   1 | 1101.0 |
               +--------+--------+--------+--------+--------+-----+--------+

Top non-repeatable levels by time:
     D:1: 1101 daAuts
